 Dungeon Crawl Stone Soup version 0.30.1-4-g462c640d31 (webtiles) character file.

Game seed: 13316913953927130365

52 booth the Sneak (level 3, -8/28 HPs)
             Began as a Demonspawn Brigand on Aug 23, 2023.
             Killed by nerve-wracking pain
             ... invoked by Grinder
              (10 damage)
             ... on level 3 of the Dungeon.
             The game lasted 00:08:24 (1712 turns).

booth the Sneak (Demonspawn Brigand)                Turns: 1712, Time: 00:08:25

Health: -8/28      AC:  3    Str: 13    XL:     3   Next: 60%
Magic:  3/3        EV: 12    Int: 12    God:
Gold:   76         SH:  0    Dex: 14    Spells: 2/2 levels left

rFire   + . .        a - +2 dagger
rCold   . . .        (no shield)
rNeg    . . .        b - +0 robe
rPois   .            (no helmet)
rElec   .            c - +0 cloak
rCorr   .            (no gloves)
SInv    .            (no boots)
Will    .....        (no amulet)
Stlth   ++           p - ring of protection from fire
HPRegen 0.24/turn    (no ring)
MPRegen 0.08/turn

%: no passive effects
@: no status effects
A: demonic guardian 1, ignite blood 1
a: no special abilities


You were on level 3 of the Dungeon.
You visited 1 branch of the dungeon, and saw 3 of its levels.

You collected 76 gold pieces.

Inventory:

Hand Weapons
 a - a +2 dagger (weapon)
 f - a +0 flail
Missiles
 d - 4 poisoned darts (quivered)
Armour
 b - a +0 robe (worn)
 c - a +0 cloak (worn)
 h - a +0 ring mail
 k - a +0 leather armour
Jewellery
 p - a ring of protection from fire (left hand)
Wands
 n - a wand of roots (10)
Scrolls
 o - a scroll of identify {unknown}
 r - a scroll of teleportation {unknown}
Potions
 g - a potion of invisibility {unknown}
 i - a potion of mutation {unknown}
 j - a potion of brilliance {unknown}
 l - a potion of attraction {unknown}
 m - a potion of magic {unknown}
 q - a potion of curing


   Skills:
 + Level 2.3 Fighting
 + Level 2.2 Short Blades
 * Level 2.4 Throwing
 + Level 0.5 Armour
 + Level 1.4 Dodging
 + Level 3.8 Stealth


You had 2 spell levels left.
You didn't know any spells.
Your spell library contained the following spells:

 Spells                   Type           Power      Damage    Failure   Level
 Blink                    Tloc           0%         N/A       45%         2
 Lesser Beckoning         Tloc           0%         N/A       45%         2
 Momentum Strike          Conj/Tloc      0%         3d8       45%         2
 Scorch                   Fire           0%         2d5       45%         2
 Flame Wave               Conj/Fire      0%         2d4       97%         4
 Summon Cactus Giant      Summ           0%         N/A       100%        6


Dungeon Overview and Level Annotations

Branches:
Dungeon (3/15)

Altars:

Annotations:
D:3 Grinder


Innate Abilities, Weirdness & Mutations

A weak demonic guardian rushes to your aid.
Your demonic aura sometimes causes spilled blood to erupt in flames.


Message History

Aim: Grinder (lightly wounded, poisoned, 57% to hit)
You throw a poisoned dart. The poisoned dart hits Grinder!
Grinder is lightly wounded.
Grinder blinks!
Throw: 7 darts (poison)
Press: ? - help, Q - select action, (/) - cycle Shift-Dir - straight line, f/p - Grinder
Aim: Grinder (lightly wounded, poisoned, 57% to hit)
You throw a poisoned dart.
The poisoned dart barely misses Grinder.
Throw: 6 darts (poison)
Press: ? - help, Q - select action, (/) - cycle Shift-Dir - straight line, f/p - Grinder
Aim: Grinder (lightly wounded, poisoned, 57% to hit)
You throw a poisoned dart.
The poisoned dart barely misses Grinder.
Throw: 5 darts (poison)
Press: ? - help, Q - select action, (/) - cycle Shift-Dir - straight line, f/p - Grinder
Aim: Grinder (lightly wounded, poisoned, 57% to hit)
You throw a poisoned dart. The poisoned dart hits Grinder!
Grinder is lightly wounded.
You hit Grinder.
Grinder is lightly wounded.
Grinder hits you but does no damage.
You hit Grinder.
Grinder is moderately wounded.
Grinder looks more healthy.
Grinder gestures at you. Pain shoots through your body!
You hit Grinder.
Grinder is moderately wounded.
Grinder hits you!
You writhe in agony.
You hit Grinder.
Grinder is moderately wounded.
Grinder hits you!
* * * LOW HITPOINT WARNING * * *
You writhe in agony.
* * * LOW HITPOINT WARNING * * *
A demonic guardian appears!
Grinder gestures at you. Pain shoots through your body!
You die...

#.# #......# #
#.############.# #
#.##.........#.#.#
#..(........)....#
#............#.#.#
#.#(##+#.....#.#...
###5# #####.#.# ###
#.# #.#.. #@# ..###
#5# ..# #(# ..# #(#
#(# #(# #(# #.# #.#


You could see Grinder (ally target) and a friendly shadow imp (summoned).

Vanquished Creatures
  2 adders (D:2)
  A worm (D:2)
  A dart slug (D:1)
  3 ball pythons (D:1)
  3 endoplasms (D:1)
  3 goblins
  2 hobgoblins (D:1)
  3 quokkas
  A bat (D:2)
  2 frilled lizards (D:2)
  2 kobolds (D:1)
  A rat (D:2)
24 creatures vanquished.

Vanquished Creatures (collateral kills)
  A worm (D:2)
  A frilled lizard (D:1)
2 creatures vanquished.

Grand Total: 26 creatures vanquished

Notes
Turn   | Place    | Note
-------+----------+-------------------------------------------
     0 | D:1      | booth the Demonspawn Brigand began the quest for the Orb.
     0 | D:1      | Reached XP level 1. HP: 16/16 MP: 1/1
    77 | D:1      | Reached skill level 1 in Dodging
   247 | D:1      | Gained mutation: A weak demonic guardian rushes to your
                  | aid. [demonic ancestry]
   247 | D:1      | Reached XP level 2. HP: 21/22 MP: 2/2
   982 | D:2      | Found a faded altar of an unknown god.
  1379 | D:2      | Gained mutation: Your demonic aura sometimes causes spilled
                  | blood to erupt in flames. [demonic ancestry]
  1379 | D:2      | Reached XP level 3. HP: 27/27 MP: 3/3
  1697 | D:3      | Noticed Grinder
  1712 | D:3      | Killed from afar by Grinder

Illustrated notes

Levels and vault maps discovered:
D:1:      erik_arrival_triangle_medium, layout_loops_ring
D:2:      layout_basic, shapermc_ecumenical_altar_gd
D:3:      layout_basic, fountainhead, kennysheep_generic_room_9, uniq_jessica,
          uniq_crazy_yiuf_cottage, uniq_grinder

Skill      XL: |  1  2 |
---------------+-------+-----
Dodging        | 1 |  1.4
Short Blades   | 2 |  2.2
Throwing       | 2 |  2.4
Fighting       | |  2.3
Armour         | |  0.5
Stealth        | |  3.8

Action                     || total
---------------------------++-------
  Melee: Dagger            ||    89
  Throw: Dart              ||     8
    Use: Scroll            ||     2
         Potion            ||     2
   Stab: Sleeping          ||     9
 Armour: Robe              ||     7
  Dodge: Dodged            ||    26
